 Dungeon Crawl Stone Soup version 0.15-a0-2102-gacb6860 (webtiles) character file.

47 Conan321 the Magician (level 3, -6/22 HPs)
             Began as an Octopode Wizard on July 14, 2014.
             Mangled by a gnoll
             ... wielding a +0 halberd
              (12 damage)
             ... on Level 2 of the Dungeon.
             The game lasted 00:05:09 (1228 turns).

Conan321 the Magician (Octopode Wizard)             Turns: 1228, Time: 00:05:09

HP  -6/22        AC  1     Str  6      XL: 3   Next: 70%
MP   2/8         EV  9     Int 21      God:
Gold 107         SH  0     Dex 15      Spells:  4 memorised,  1 level left

rFire  . . .     SeeInvis .     e - +0 hand axe
rCold  . . .     Clarity  .     (no shield)
rNeg   . . .     rCorr    .     b - +0 hat
rPois  .         rRot     .     (no amulet)
rElec  .         Spirit   .     (no ring)
SustAb .         Warding  .     (no ring)
rMut   .         Stasis   .     (no ring)
Gourm  .                        (no ring)
MR     .....                    (no ring)
                                (no ring)
                                (no ring)
                                (no ring)

@: agile, very slightly contaminated, held, not resistant to hostile
enchantments, stealthy
A: almost no armour, amphibious, 8 rings, constrict 8, camouflage 1, gelatinous
body 1
a: no special abilities


You were on level 2 of the Dungeon.
You were hungry.

You visited 1 branch of the dungeon, and saw 2 of its levels.

You collected 107 gold pieces.

Inventory:

Hand weapons
 a - a +0 hunting sling
 e - a +0 hand axe (weapon)
Missiles
 i - 22 stones (quivered)
Armour
 b - a +0 hat (worn)
Comestibles
 d - 2 bread rations
Scrolls
 g - a scroll of identify {unknown}
 n - a scroll of amnesia {unknown}
 p - a scroll of fear {unknown}
Potions
 f - a potion of heal wounds {unknown}
 h - a potion of agility
 j - a potion of haste {unknown}
 k - a potion of resistance {unknown}
 l - a potion of restore abilities {unknown}
 m - a potion of magic {unknown}
 o - a potion of curing
Books
 c - a book of Minor Magic

   Spells                             Type                      Level
   *Magic Dart                        Conjuration                  1
   *Blink                             Translocation                2
   *Call Imp                          Summoning                    2
   Repel Missiles                     Charms/Air                   2
   Slow                               Hexes                        2
   Conjure Flame                      Conjuration/Fire             3
   *Mephitic Cloud                    Conjuration/Poison/Air       3


   Skills:
 + Level 0.8 Fighting
 + Level 2.3 Dodging
 + Level 3.0 Stealth
 + Level 0.4 Unarmed Combat
 + Level 3.7 Spellcasting
 + Level 1.3 Conjurations
 + Level 1.0 Summonings
 + Level 1.0 Translocations


You had one spell level left.
You knew the following spells:

 Your Spells              Type           Power        Failure   Level  Hunger
a - Magic Dart            Conj           #...         10%         1    None
b - Blink                 Tloc           N/A          14%         2    #......
c - Call Imp              Summ           #.......     14%         2    #......
d - Mephitic Cloud        Conj/Pois/Air  #.......     34%         3    ###....


Dungeon Overview and Level Annotations

Branches:
Dungeon (2/15)

Altars:


Innate Abilities, Weirdness & Mutations

You cannot wear most types of armour.
You are amphibious.
You can wear up to eight rings at the same time.
You can use your tentacles to constrict many enemies at once.
Your skin changes colour to match your surroundings (Stealth).
Your rubbery body absorbs attacks (AC +1).


Message History

Casting: Magic Dart
Confirm with . or Enter, or press ? or * to list all spells.
You miscast Blink.
Strange energies run through your body. The bat closely misses you.
The gnoll hits you with a flail!
A giant newt comes into view.
Casting: Blink
Confirm with . or Enter, or press ? or * to list all spells.
You don't have enough magic to cast that spell.
You try to slip out of the net.
The gnoll closely misses you. The giant newt bites you.
Drink which item? (? for menu, Esc to quit)
You feel agile all of a sudden.
It was a potion of agility.
The bat hits you. The giant newt barely misses you.
The gnoll hits you with a flail!
* * * LOW HITPOINT WARNING * * *
Drink which item? (? for menu, Esc to quit)
You feel better.
It was a potion of curing.
The gnoll hits you from afar with a halberd!
Ouch! That really hurt!
You die...

......##.....### .....
#........#
...[..#......#.#
................ .
..#..###....###. ...
##..##..##........
....###.................
......glb###...###.######
......gg@..#...# #.### #.
.....#####.#...###.......
. #...#.......#.#.
#..###.###......
###....#.##..#..##
#........##.......
....................
###...........###.##
#.....#...#.#.#.#.


You could see 3 gnolls, a bat and a giant newt.

Vanquished Creatures
  An adder (D:2)
  2 giant geckos
  An ooze (D:1)
  A ball python (D:1)
  2 bats (D:1)
  2 giant cockroaches
  6 goblins
  4 hobgoblins (D:1)
  9 kobolds (D:1)
  4 rats
32 creatures vanquished.

Notes
Turn   | Place    | Note
--------------------------------------------------------------
     0 | D:1      | Conan321, the Octopode Wizard, began the quest for the Orb.
     0 | D:1      | Reached XP level 1. HP: 11/11 MP: 4/4
   435 | D:1      | Reached XP level 2. HP: 17/17 MP: 0/6
   693 | D:1      | Reached XP level 3. HP: 20/22 MP: 1/8
   923 | D:1      | Learned a level 2 spell: Blink
   926 | D:1      | Learned a level 2 spell: Call Imp
   931 | D:1      | Learned a level 3 spell: Mephitic Cloud
  1227 | D:2      | HP: 1/22 [gnoll/flail (10)]
  1228 | D:2      | Mangled by a gnoll

Action                   || total
-------------------------++-------
Melee: Unarmed           ||    10
       Hand axe          ||    25
 Cast: Magic Dart        ||    57
       Blink             ||     2
  Use: Potion            ||     2
 Stab: Sleeping          ||     1
